Cogmind - Beta 14 @@@ ROGUE MODE // 2025.05.05 @ 21:58:06 Player: LightKnight Result: Destroyed by B-99 Colossus with Linear Accelerator Performance ------------- Evolutions (9) 4500 Regions Visited (23) 4600 Robots Destroyed (133) 665 Value Destroyed (6266) 6266 Prototype IDs (51) 1020 Alien Tech Used (0) 0 Bonus (2982) 2982 TOTAL SCORE: 20033 Bonus ------- High Alert Combat Kills 810 Follower Combat Kills 1216 Entered DSFs 1000 Aligned with FarCom 300 Met Data Miner 300 Friendly Fire -644 Cogmind --------- Core Integrity 0/1600 Matter 213/300 Energy 100/100 System Corruption 0% Temperature Cool (0) Movement Core (150) Ox2 Location -1/Access Parts ------- > --- POWER (2) -------- (None) > --- PROPULSION (7) --- (None) > --- UTILITY (13) ----- Enhanced Optical Array Experimental Signal Interpreter Advanced Terrain Scan Processor Advanced Melee Analysis Suite Advanced Corruption Screen > --- WEAPON (3) ------- Enhanced Force Lance > --- INVENTORY (5) ---- Fusion Compressor Stasis Canceller ECM Suite Advanced System Restoration Module Peak State ------------ > --- POWER ------------ Light Quantum Reactor Light Quantum Reactor > --- PROPULSION ------- Impulse Thruster Impulse Thruster Q-thruster Q-thruster Impulse Thruster Array Improved Q-thruster > --- UTILITY ---------- Advanced Weight Redist. System Enhanced Optical Array Experimental Signal Interpreter Advanced Terrain Scan Processor Advanced Terrain Scan Processor Advanced Melee Analysis Suite Advanced Melee Analysis Suite Advanced Melee Analysis Suite Advanced Transmission Jammer Advanced ECM Suite Hacking Suite System Shield Advanced Corruption Screen > --- WEAPON ----------- Maul Plasma Sword > --- INVENTORY -------- Fusion Compressor Stasis Canceller ECM Suite Advanced System Restoration Module Enhanced Force Lance [Rating: 149] Favorites ----------- Power Light Angular Momentum Engine Engine Light Angular Momentum Engine Power Core Light Nuclear Core Reactor Antimatter Reactor Propulsion Armored Treads Treads Armored Treads Leg Aluminum Leg Flight Unit Q-thruster Utility Improved Cooling System Device Improved Cooling System Storage Large Storage Unit Processor Enhanced Optical Array Hackware Hacking Suite Protection Hardened Medium Armor Plating Weapon Heavy EM Shotgun Energy Gun Heavy EM Shotgun Energy Cannon Compact HERF Cannon Ballistic Gun Coil Gun Ballistic Cannon Magnetic Acceleration Cannon Launcher Heavy Missile Launcher Special Weapon Mining Laser Impact Weapon Maul Slashing Weapon Plasma Sword Piercing Weapon Enhanced Force Lance Build | -11 -10 -10 -9 -9 -9 -8 -8 -8 -8 -8 -6 -6 -6 -6 -5 -5 -5 -4 -4 -3 -2 -2 -1 ------- Run | Yrd Mat Min Mat Min Exi Min Mat Sto Rec Scr Fac Low Low Dat Pro Fac DSF Fac Arm Res Res DSF Acc Slots Evolved 18 | . . . 2 . . . 2 . . . 4 . . . . 2 . 2 . 2 2 . 2 Power 1 | . . . . . . . . . . . . . . . . . . . . . 1 . . Propulsion 5 | . . . . . . . 1 . . . 1 . . . . . . . . 2 . . 1 Utility 11 | . . . 2 . . . . . . . 3 . . . . 2 . 2 . . 1 . 1 Weapon 1 | . . . . . . . 1 . . . . . . . . . . . . . . . . Parts Attached 171 | . . 3 21 7 1 1 . 9 3 4 11 11 3 . 3 2 10 25 23 13 2 . 19 Power 15 | . . . 3 1 . . . 1 . 1 1 . . . . . 1 1 1 1 1 . 3 Engine 8 | . . . 3 1 . . . . . 1 1 . . . . . . . . . 1 . 1 Core 2 | . . . . . . . . 1 . . . . . . . . 1 . . . . . . Reactor 5 | . . . . . . . . . . . . . . . . . . 1 1 1 . . 2 Propulsion 38 | . . 1 7 2 . . . 5 . . 3 . . . . . 5 2 4 5 1 . 3 Treads 27 | . . . 6 2 . . . 5 . . 3 . . . . . 5 2 4 . . . . Leg 2 | . . 1 1 . . . . . . . . . . . . . . . . . . . . Wheel . | . . . . . . . . . . . . . . . . . . . . . . . . Hover . | . . . . . . . . . . . . . . . . . . . . . . . . Flight 9 | . . . . . . . . . . . . . . . . . . . . 5 1 . 3 Utility 66 | . . . 4 3 1 . . 1 2 . 5 4 2 . . 1 2 14 11 6 . . 10 Device 37 | . . . 3 3 . . . . 1 . 2 3 . . . 1 2 7 8 5 . . 2 Storage 4 | . . . 1 . 1 . . . . . . . . . . . . 1 1 . . . . Processor 15 | . . . . . . . . . . . 3 1 1 . . . . 4 . 1 . . 5 Hackware 7 | . . . . . . . . . 1 . . . . . . . . 1 2 . . . 3 Protection 3 | . . . . . . . . 1 . . . . 1 . . . . 1 . . . . . Artifact . | . . . . . . . . . . . . . . . . . . . . . . . . Weapon 52 | . . 2 7 1 . 1 . 2 1 3 2 7 1 . 3 1 2 8 7 1 . . 3 Energy Gun 16 | . . . 3 1 . . . 1 1 2 . 1 . . 2 . . 3 2 . . . . Energy Cannon 3 | . . . . . . . . . . . . . . . . . . 2 1 . . . . Ballistic Gun 10 | . . 1 4 . . . . . . 1 1 1 . . . . . . 2 . . . . Ballistic Cannon 10 | . . . . . . 1 . 1 . . 1 2 . . 1 1 1 1 1 . . . . Launcher 6 | . . . . . . . . . . . . 3 1 . . . . 2 . . . . . Special Weapon 2 | . . 1 . . . . . . . . . . . . . . 1 . . . . . . Impact Weapon 2 | . . . . . . . . . . . . . . . . . . . 1 1 . . . Slashing Weapon 1 | . . . . . . . . . . . . . . . . . . . . . . . 1 Piercing Weapon 2 | . . . . . . . . . . . . . . . . . . . . . . . 2 Special Melee Weapon . | . . . . . . . . . . . . . . . . . . . . . . . . Unidentified Prototypes 5 | . . . . . . . . 1 . . . . . . . . . 1 1 . . . 2 Parts Lost 48 | . . 4 2 . . . . . 2 . 1 2 1 . . . 1 4 9 . . 2 20 Power 4 | . . 1 . . . . . . . . . . . . . . . . 1 . . . 2 Propulsion 13 | . . 1 1 . . . . . . . . . . . . . 1 . 2 . . 1 7 Utility 18 | . . . . . . . . . 1 . . 1 1 . . . . 1 4 . . 1 9 Weapon 13 | . . 2 1 . . . . . 1 . 1 1 . . . . . 3 2 . . . 2 Highest Loss Streak 17 | . . 4 1 . . . . . 1 . 1 1 1 . . . 1 2 4 . . 2 17 To Critical Strikes 1 | . . . . . . . . . . . . . . . . . . . . . . . 1 Average Slot Usage (%) 90 | . 85 81 68 99 100 100 81 99 94 75 99 99 99 100 100 91 83 83 80 38 67 70 82 Engine 4 | . 14 12 7 11 11 11 9 3 . 1 6 6 6 6 6 5 2 . . . . 4 1 Core 1 | . . . . . . . . 5 9 7 . . . . . . 2 3 . . . . . Treads 20 | . . . 15 22 22 22 18 27 27 27 26 26 26 26 26 23 21 10 9 . . . . Leg 1 | . 28 27 5 . . . . . . . . . . . . . . . . . . . . Flight 1 | . . . . . . . . . . . . . . . . . . . . 12 23 24 23 Device 19 | . . . 7 32 33 33 27 19 10 18 19 25 23 20 20 21 26 25 19 5 17 15 14 Storage 7 | . 14 14 11 11 11 11 9 9 9 9 6 6 6 6 6 5 5 5 6 . . . . Processor 9 | . . . . . . . . . . . 13 14 13 13 13 11 11 25 20 17 17 17 28 Protection 3 | . . . . . . . . 7 9 9 6 . 2 6 6 5 4 . 3 . . . . Energy Gun 6 | . . . 10 11 11 11 9 17 16 3 5 3 6 6 6 4 . 3 7 . . . . Ballistic Gun 5 | . 28 26 10 11 11 3 . . . . 8 8 6 6 1 . . . 1 . . . . Ballistic Cannon 3 | . . . . . . 7 9 9 8 . 4 5 4 . 4 5 4 2 1 . . . . Peak Build Rating 149 | . 6 8 14 23 26 27 27 40 40 44 66 66 66 64 67 84 101 121 138 95 103 103 149 Average Rating 57 | . 6 7 10 21 24 26 27 33 37 31 60 64 64 64 64 71 90 107 124 52 97 100 127 On Entrance 49 | 6 6 6 5 14 23 26 27 27 40 30 44 66 64 64 64 67 84 99 120 22 95 103 90 Naked Turns . | . . . . . . . . . . . . . . . . . . . . . . . . Heaviest Build 120 | 14 14 14 26 28 36 38 38 48 48 54 61 61 58 57 61 102 117 120 120 28 31 31 41 Greatest Support 150 | 20 20 25 40 43 43 43 43 63 60 60 96 96 96 96 96 96 140 150 150 40 39 47 55 Greatest Overweight (x) 6 | . . . 6 . . . . . . . . . . . . 1 1 . 1 . . . . Average Overweight (x) . | . . . . . . . . . . . . . . . . . . . . . . . . Largest Inventory Capacity 15 | . 8 8 10 10 15 15 15 15 15 15 15 15 15 15 15 15 15 15 15 5 5 5 5 Average Capacity 13 | . 8 8 9 10 13 15 15 15 15 15 15 15 15 15 15 15 15 15 14 5 5 5 5 Most Carried 15 | . 8 8 10 10 13 13 13 15 15 15 15 15 15 14 15 15 15 15 15 5 5 5 5 Average Carried 12 | . 6 7 8 9 11 13 13 14 14 14 14 14 14 14 14 14 14 14 13 4 5 5 4 Final Capacity 15 | 8 8 8 10 10 15 15 15 15 15 15 15 15 15 15 15 15 15 15 5 5 5 5 5 Final Carried 15 | 6 8 7 10 10 13 13 13 15 15 15 15 15 14 14 15 15 15 15 5 5 5 5 4 Class Distribution -------------------- 46% | Skirmisher 13% | Mutant 13% | Commander-Skirmisher 10% | Commander-Mutant 8% | Scavenger-Mutant Dominant Class ---------------- Mutant | -10/Materials Mutant | -10/Mines Mutant | -9/Materials Scavenger-Mutant | -9/Mines Scavenger-Mutant | -9/Exiles Mutant | -8/Mines Mutant | -8/Materials Skirmisher | -8/Storage Commander-Skirmisher | -8/Recycling Commander-Mutant | -8/Scraptown Skirmisher | -6/Factory Skirmisher | -6/Lower Caves Skirmisher | -6/Lower Caves Skirmisher | -6/Data Miner Skirmisher | -5/Proximity Caves Skirmisher | -5/Factory Scavenger-Skirmisher | -5/DSF Skirmisher | -4/Factory Skirmisher | -4/Armory Scout | -3/Research Infiltrator-Ninja | -2/Research Infiltrator-Ninja | -2/DSF Infiltrator-Sprinter | -1/Access Resources | -11 -10 -10 -9 -9 -9 -8 -8 -8 -8 -8 -6 -6 -6 -6 -5 -5 -5 -4 -4 -3 -2 -2 -1 ----------- Run | Yrd Mat Min Mat Min Exi Min Mat Sto Rec Scr Fac Low Low Dat Pro Fac DSF Fac Arm Res Res DSF Acc Matter Collected 3278 | 200 78 56 253 153 30 10 . 144 94 57 413 674 123 . 109 . 120 286 248 . 49 10 171 Remotely . | . . . . . . . . . . . . . . . . . . . . . . . . Salvage Created 5260 | . 89 24 511 360 . . . 352 83 . 795 563 79 . 54 . 404 784 1097 . 49 . 16 Parts 239 | . 11 . 26 13 . . . 18 5 . 41 20 7 . 3 . 21 23 48 . 2 . 1 Haulers Intercepted . | . . . . . . . . . . . . . . . . . . . . . . . . Recyclers Shooed 2 | . . . . . . . . . . . 1 . . . . . . 1 . . . . . Parts Field Recycled . | . . . . . . . . . . . . . . . . . . . . . . . . Retrieved Matter . | . . . . . . . . . . . . . . . . . . . . . . . . Parts Self-Destructed 25 | . . . . . . . . . . . . 14 8 . 3 . . . . . . . . Prevented 5 | . . . . . . . . . . . . 5 . . . . . . . . . . . Kills | -11 -10 -10 -9 -9 -9 -8 -8 -8 -8 -8 -6 -6 -6 -6 -5 -5 -5 -4 -4 -3 -2 -2 -1 ------- Run | Yrd Mat Min Mat Min Exi Min Mat Sto Rec Scr Fac Low Low Dat Pro Fac DSF Fac Arm Res Res DSF Acc Combat Hostiles Destroyed 117 | . 6 2 9 8 . . . 7 3 . 13 18 5 . 2 . 9 16 19 . . . . Guns 65 | . 6 2 9 8 . . . 6 3 . 7 8 1 . . . . 1 14 . . . . Cannons 35 | . . . . . . . . 1 . . 6 1 1 . 1 . 9 12 4 . . . . AOE 15 | . . . . . . . . . . . . 9 3 . 1 . . 2 . . . . . Classes Destroyed 17 | . 1 1 5 . . . . 2 1 . 4 . . . . . 2 . 1 . . . . Worker 8 | . . . 3 . . . . . . . . . . . . . . 1 . . 3 . 1 Builder 2 | . . . . . . . . . . . 1 . . . . . . 1 . . . . . Mechanic 1 | . . . . . . . . . . . 1 . . . . . . . . . . . . Operator 3 | . . . . . . . . 2 . . . . . . . . . . 1 . . . . Watcher 1 | . . . . . . . . . . . 1 . . . . . . . . . . . . Swarmer 23 | . 6 1 . . . . . . 2 . 5 4 5 . . . . . . . . . . Cutter 2 | . . . . . . . . . . . . . . . . . . . 2 . . . . Grunt 41 | . . . 3 7 . . . 3 . . 8 6 . . . . 5 6 3 . . . . Brawler 6 | . . . 1 1 . . . . . . . 3 . . . . 1 . . . . . . Duelist 5 | . . . 1 . . . . . . . . 2 . . . . . 1 1 . . . . Sentry 14 | . . . 4 . . . . 3 . . 1 1 . . . . . 3 2 . . . . Demolisher 1 | . . . . . . . . . 1 . . . . . . . . . . . . . . Specialist 3 | . . . . . . . . . . . . . . . . . 2 . 1 . . . . Hunter 11 | . . . . . . . . 1 . . . 2 . . 2 . . 3 3 . . . . Programmer 11 | . . . . . . . . . . . 1 . . . . . . 3 7 . . . . Heavy 1 | . . . . . . . . . . . . . . . . . 1 . . . . . . Assembled 1 | . . 1 . . . . . . . . . . . . . . . . . . . . . Best Kill Streak 12 | . 3 1 3 3 . . . 2 2 . 4 12 3 . 2 . 5 8 6 . 3 . 1 Combat Bots Only 12 | . 3 1 2 3 . . . 2 2 . 3 12 3 . 2 . 5 7 6 . . . . Max Kills in Single Turn 3 | . 2 1 2 2 . . . 1 1 . 3 3 2 . 1 . 1 2 1 . 1 . 1 Gunslinging 1 | . 1 . . 1 . . . . . . . . . . . . . . . . . . . Exploded 3 | . . . . . . . . . . . . 3 2 . 1 . . 1 . . . . . Melee . | . . . . . . . . . . . . . . . . . . . . . . . . Uniques/NPCs Destroyed . | . . . . . . . . . . . . . . . . . . . . . . . . Combat | -11 -10 -10 -9 -9 -9 -8 -8 -8 -8 -8 -6 -6 -6 -6 -5 -5 -5 -4 -4 -3 -2 -2 -1 -------- Run | Yrd Mat Min Mat Min Exi Min Mat Sto Rec Scr Fac Low Low Dat Pro Fac DSF Fac Arm Res Res DSF Acc Hostile Shots Fired 979 | . 29 58 55 19 . . . 36 11 . 65 55 12 . 9 . 31 120 232 4 . 2 241 Missed 327 | . 5 14 17 6 . . . 10 3 . 17 22 4 . 3 . 15 36 64 2 . 1 108 Damage Taken 13217 | . 193 608 615 150 . . . 407 467 . 706 591 108 . 104 . 375 1964 4105 . . 91 2733 Core 2969 | . 24 168 120 31 . . . 30 72 . 66 30 . . 15 . 109 265 395 . . . 1644 Absorbed by Shields 89 | . . . . . . . . . . . 89 . . . . . . . . . . . . Reduced by Siege Mode 86 | . . . . . . . . . . . . . . . . . . . 86 . . . . Core Remaining (%) 75 | 100 . 23 . . . 62 . . . 81 . . . . 86 . 89 . 42 100 . 100 . Volleys Fired 278 | . 13 7 36 19 . . . 24 6 . 44 28 11 . 14 . 1 16 59 . . . . Largest 3 | . 2 2 2 2 . . . 3 3 . 3 3 3 . 2 . 1 3 3 . . . . Hottest 255 | . 40 100 101 92 . . . 158 158 . 133 133 133 . 92 . . 255 224 . . . . Shots Fired 709 | . 26 13 68 38 . . . 60 15 . 112 78 19 . 15 . 25 76 164 . . . . Gun 487 | . 26 12 68 38 . . . 36 9 . 76 49 8 . 3 . . 22 140 . . . . Cannon 201 | . . . . . . . . 24 6 . 36 18 9 . 10 . 24 50 24 . . . . Launcher 19 | . . . . . . . . . . . . 11 2 . 2 . . 4 . . . . . Special 2 | . . 1 . . . . . . . . . . . . . . 1 . . . . . . Kinetic 385 | . 26 12 28 19 . . . 24 6 . 90 60 13 . 10 . 24 34 39 . . . . Thermal 215 | . . 1 17 19 . . . 21 4 . . . . . 3 . . 38 112 . . . . Explosive 19 | . . . . . . . . . . . . 11 2 . 2 . . 4 . . . . . Electromagnetic 89 | . . . 23 . . . . 15 5 . 22 7 4 . . . . . 13 . . . . Robot Hit Streak 29 | . 5 6 22 8 . . . 8 5 . 8 14 2 . 2 . 27 28 29 . . . . Robot Miss Streak 6 | . 5 3 4 2 . . . 3 3 . 5 3 4 . 1 . . 3 6 . . . . Penetration Max 1 | . . . . . . . . . . . . . . . . . . . 1 . . . . Secondary Targets 13 | . 1 1 1 4 . . . . . . 2 . . . . . . . 4 . . . . Max Gunslinging Chain 1 | . 1 1 1 1 . . . . . . 1 . . . . . . . 1 . . . . Autonomous 69 | . . . . . . . . . . . . . . . . . 24 34 11 . . . . Shots Hit Robots 459 | . 13 4 54 27 . . . 38 5 . 66 40 6 . 2 . 25 57 109 . 3 . 10 Core Hits 234 | . 6 2 18 12 . . . 17 4 . 34 46 6 . 5 . 9 35 39 . 1 . . Critical Kills 2 | . . . . . . . . . . . 1 1 . . . . . . . . . . . Critical Parts Destroyed . | . . . . . . . . . . . . . . . . . . . . . . . . Critical Strikes 17 | . . . 3 1 . . . . . . 2 2 . . . . 2 4 3 . . . . Burn 4 | . . . 2 1 . . . . . . . . . . . . . 1 . . . . . Destroy 2 | . . . . . . . . . . . 1 1 . . . . . . . . . . . Blast 9 | . . . . . . . . . . . 1 1 . . . . 2 3 2 . . . . Corrupt 2 | . . . 1 . . . . . . . . . . . . . . . 1 . . . . Melee Attacks 46 | . . . . . . . . . . . . . . . . . . . . 1 3 . 42 Impact 22 | . . . . . . . . . . . . . . . . . . . . 1 3 . 18 Slashing 8 | . . . . . . . . . . . . . . . . . . . . . . . 8 Piercing 16 | . . . . . . . . . . . . . . . . . . . . . . . 16 Sneak Attacks 4 | . . . . . . . . . . . . . . . . . . . . . 3 . 1 Combat Hostiles . | . . . . . . . . . . . . . . . . . . . . . . . . Follow-up Attacks . | . . . . . . . . . . . . . . . . . . . . . . . . Damage Inflicted 18622 | . 159 56 842 473 . . . 762 131 . 1997 2288 288 . 217 . 2044 4141 4353 . 326 . 545 Guns 7503 | . 159 48 842 473 . . . 534 77 . 1029 646 43 . . . . 400 3252 . . . . Cannons 7379 | . . . . . . . . 228 52 . 702 257 58 . 43 . 2029 2909 1101 . . . . Explosions 2832 | . . . . . . . . . . . 254 1385 187 . 174 . . 832 . . . . . Melee 871 | . . . . . . . . . . . . . . . . . . . . . 326 . 545 Ramming 37 | . . 8 . . . . . . 2 . 12 . . . . . 15 . . . . . . Kinetic 9245 | . 159 48 288 203 . . . 228 52 . 1382 784 58 . 43 . 2029 2570 1401 . . . . Thermal 4742 | . . . 273 270 . . . 322 20 . 254 . . . . . . 947 2656 . . . . Explosive 2370 | . . . . . . . . . . . . 1385 187 . 174 . . 624 . . . . . Electromagnetic 1357 | . . . 281 . . . . 212 57 . 349 119 43 . . . . . 296 . . . . Impact 326 | . . . . . . . . . . . . . . . . . . . . . 326 . . Slashing . | . . . . . . . . . . . . . . . . . . . . . . . . Piercing 545 | . . . . . . . . . . . . . . . . . . . . . . . 545 Highest Corruption 6 | . . . . . . . . . 6 . 1 1 . . . . . . 4 . . . . Average Corruption 2 | . . . . . . . . . 4 . 1 1 . . . . . . 1 . . . . Corruption Purged 1 | . . . . . . . . . . . . 1 . . . . . . . . . . . Corruption Blocked 21 | . . . . . . . . . . . . . . . . . . 2 13 . . . 6 Effects 18 | . . . . . . . . . 12 . 4 1 . . . . . . 1 . . . . Message Errors 3 | . . . . . . . . . 1 . 2 . . . . . . . . . . . . Matter Fused 7 | . . . . . . . . . 7 . . . . . . . . . . . . . . Heat Flow Errors 2 | . . . . . . . . . 1 . 1 . . . . . . . . . . . . Energy Discharges 2 | . . . . . . . . . 2 . . . . . . . . . . . . . . Parts Fused 1 | . . . . . . . . . . . . 1 . . . . . . . . . . . Data Loss (minor) 3 | . . . . . . . . . 1 . 1 . . . . . . . 1 . . . . Overload Shots . | . . . . . . . . . . . . . . . . . . . . . . . . Overflow Damage 1082 | . . . . . . . . . . . 33 . . . . . 204 381 220 . 145 . 99 Projectiles 781 | . . . . . . . . . . . 15 . . . . . 204 342 220 . . . . Explosions 57 | . . . . . . . . . . . 18 . . . . . . 39 . . . . . Melee 244 | . . . . . . . . . . . . . . . . . . . . . 145 . 99 Knockbacks 31 | . . . . . . . . . . . 5 1 1 . . . 6 12 5 . 1 . . Impact 1 | . . . . . . . . . . . . . . . . . . . . . 1 . . Kinetic 27 | . . . . . . . . . . . 4 1 1 . . . 6 10 5 . . . . Secondary 3 | . . . . . . . . . . . 1 . . . . . . 2 . . . . . Self-Inflicted Damage 203 | . . . . . . . . . . . 62 . . . . . . 141 . . . . . Shots 4 | . . . . . . . . . . . 1 . . . . . . 3 . . . . . Rammed 7 | . . . . 1 . 1 . . 1 . 3 . . . . . 1 . . . . . . Targets Rammed 9 | . . 2 . 1 . 1 . . 1 . 3 . . . . . 1 . . . . . . Kicked 2 | . . 2 . . . . . . . . . . . . . . . . . . . . . Crushed . | . . . . . . . . . . . . . . . . . . . . . . . . Highest Temperature 243 | . . 80 198 9 . . . 210 162 . 243 18 36 . 46 . . 213 193 . . . 39 Average Temperature 50 | . . 32 84 4 . . . 66 59 . 32 13 16 . 8 . . 64 46 . . . 23 Received Heat Transfer 1668 | . . 140 180 84 . . . 135 18 . 167 117 . . . . 126 271 322 . . . 108 Siege Activations 3 | . . . . . . . . . . . . . . . . . . . 3 . . . . Total Turns 49 | . . . . . . . . . . . . . . . . . . . 49 . . . . Longest Duration 25 | . . . . . . . . . . . . . . . . . . . 25 . . . . Robots Corrupted 1 | . . . . . . . . . . . . . . . . . . . . . 1 . . Combat Hostiles . | . . . . . . . . . . . . . . . . . . . . . . . . Parts Fried 7 | . . . 2 . . . . 2 . . . 1 . . . . . . . . 2 . . Impact Corruptions 3 | . . . . . . . . . . . . . . . . . . . . . 3 . . Robots Melted 1 | . . . . . . . . . . . . . . . . . . . 1 . . . . Combat Hostiles 1 | . . . . . . . . . . . . . . . . . . . 1 . . . . Parts Melted 14 | . . . . 1 . . . 1 . . 1 . . . . . . 1 10 . . . . Heat Transferred 5963 | . . . 740 592 . . . 629 37 . 200 . . . . . . 1177 2588 . . . . Parts Sabotaged . | . . . . . . . . . . . . . . . . . . . . . . . . Parts Stolen . | . . . . . . . . . . . . . . . . . . . . . . . . Parts Stripped . | . . . . . . . . . . . . . . . . . . . . . . . . Power Chain Reactions 2 | . . . . . . . . . . . 2 . . . . . . . . . . . . Alert | -11 -10 -10 -9 -9 -9 -8 -8 -8 -8 -8 -6 -6 -6 -6 -5 -5 -5 -4 -4 -3 -2 -2 -1 ------- Run | Yrd Mat Min Mat Min Exi Min Mat Sto Rec Scr Fac Low Low Dat Pro Fac DSF Fac Arm Res Res DSF Acc Peak Influence 1018 | . 155 83 153 249 . . . 135 203 . 808 . . . . 5 198 680 1018 480 301 240 321 Initial 463 | . . 60 5 59 . . . . 51 . . . . . . . 3 114 333 463 270 225 132 Average 208 | . 72 47 63 85 . . . 56 82 . 483 . . . . . 115 319 493 463 284 224 217 Maximum Alert Level 3 | . . . . 1 . . . . 1 . 3 . . . . . . 2 3 2 1 1 1 Low Security (%) 64 | . 100 100 100 93 . 100 100 100 90 . 23 . . . . 100 100 46 . . . . 46 Level 1 15 | . . . . 6 . . . . 9 . . . . . . . . 11 64 . 100 100 53 Level 2 14 | . . . . . . . . . . . 56 . . . . . . 42 14 100 . . . Level 3 4 | . . . . . . . . . . . 19 . . . . . . . 21 . . . . Level 4 . | . . . . . . . . . . . . . . . . . . . . . . . . Level 5 . | . . . . . . . . . . . . . . . . . . . . . . . . High Security . | . . . . . . . . . . . . . . . . . . . . . . . . Max Security . | . . . . . . . . . . . . . . . . . . . . . . . . Squads Dispatched 28 | . 1 . 1 1 . . . 1 . . 5 . . . . . 2 4 8 . . 1 4 Investigation 5 | . 1 . . 1 . . . 1 . . 1 . . . . . . . . . . . 1 Extermination 7 | . . . . . . . . . . . 1 . . . . . . 1 3 . . . 2 Reinforcement 9 | . . . 1 . . . . . . . 2 . . . . . 2 1 1 . . 1 1 Assault 7 | . . . . . . . . . . . 1 . . . . . . 2 4 . . . . Garrison . | . . . . . . . . . . . . . . . . . . . . . . . . Intercept . | . . . . . . . . . . . . . . . . . . . . . . . . Searches Triggered . | . . . . . . . . . . . . . . . . . . . . . . . . Data Miner Redirects 3 | . . . . . . . . . . . . . . . . . . 1 2 . . . . Construction Impeded 2 | . . . . . . . . . . . 2 . . . . . . . . . . . . Haulers Reinforced 1 | . . . . . . . . . . . . . . . . . . 1 . . . . . Active Scanning Responses . | . . . . . . . . . . . . . . . . . . . . . . . . Cargo Convoy Interrupts . | . . . . . . . . . . . . . . . . . . . . . . . . Stealth | -11 -10 -10 -9 -9 -9 -8 -8 -8 -8 -8 -6 -6 -6 -6 -5 -5 -5 -4 -4 -3 -2 -2 -1 --------- Run | Yrd Mat Min Mat Min Exi Min Mat Sto Rec Scr Fac Low Low Dat Pro Fac DSF Fac Arm Res Res DSF Acc Distress Signals 5 | . . 1 . . . . . 1 1 . . . . . . . . . 1 . . . 1 Communications Jammed 69 | . . . . . . . . . . . . . . . . . . . 51 1 . . 17 Distress Signals 57 | . . . . . . . . . . . . . . . . . . . 51 1 . . 5 Times Spotted 245 | . 8 15 10 8 . . . 11 4 . 25 19 6 . 2 . 12 26 65 2 . 2 30 Peak Tracking Total 12 | . 3 10 2 3 . . . 3 2 . 6 8 3 . 2 . 5 9 11 2 . 1 12 Tactical Retreats 19 | . . 3 . . . . . . . . 2 . 1 . . . . . 3 . . 1 9 Traps | -11 -10 -10 -9 -9 -9 -8 -8 -8 -8 -8 -6 -6 -6 -6 -5 -5 -5 -4 -4 -3 -2 -2 -1 ------- Run | Yrd Mat Min Mat Min Exi Min Mat Sto Rec Scr Fac Low Low Dat Pro Fac DSF Fac Arm Res Res DSF Acc Traps Triggered 9 | . 1 . . . . . . . . . 1 . . . . . 2 . 3 . . . 2 Indirectly . | . . . . . . . . . . . . . . . . . . . . . . . . Trap Hack Attempts . | . . . . . . . . . . . . . . . . . . . . . . . . Triggered . | . . . . . . . . . . . . . . . . . . . . . . . . Disarmed . | . . . . . . . . . . . . . . . . . . . . . . . . Reprogrammed . | . . . . . . . . . . . . . . . . . . . . . . . . Reused . | . . . . . . . . . . . . . . . . . . . . . . . . Traps Extracted . | . . . . . . . . . . . . . . . . . . . . . . . . Installed . | . . . . . . . . . . . . . . . . . . . . . . . . Triggered 1 | . . . . . . . . . . . . 1 . . . . . . . . . . . Machines | -11 -10 -10 -9 -9 -9 -8 -8 -8 -8 -8 -6 -6 -6 -6 -5 -5 -5 -4 -4 -3 -2 -2 -1 ---------- Run | Yrd Mat Min Mat Min Exi Min Mat Sto Rec Scr Fac Low Low Dat Pro Fac DSF Fac Arm Res Res DSF Acc Machines Disabled 33 | . . . 1 . . . . 1 . . 25 1 . . . . 1 3 1 . . . . Max in Single Turn 3 | . . . 1 . . . . 1 . . 2 1 . . . . 1 3 1 . . . . Garrison Access 1 | . . . . . . . . . . . . . . . . . . 1 . . . . . Energy Cycler 1 | . . . . . . . . . . . . . . . . . . . 1 . . . . Machines Repaired . | . . . . . . . . . . . . . . . . . . . . . . . . Machines Dismantled . | . . . . . . . . . . . . . . . . . . . . . . . . Machines Sabotaged . | . . . . . . . . . . . . . . . . . . . . . . . . Overloaded Fab Kills . | . . . . . . . . . . . . . . . . . . . . . . . . Hacking | -11 -10 -10 -9 -9 -9 -8 -8 -8 -8 -8 -6 -6 -6 -6 -5 -5 -5 -4 -4 -3 -2 -2 -1 --------- Run | Yrd Mat Min Mat Min Exi Min Mat Sto Rec Scr Fac Low Low Dat Pro Fac DSF Fac Arm Res Res DSF Acc Machines Accessed 64 | . 1 . 4 1 1 . . 8 5 . 7 2 1 4 1 3 . 3 8 2 3 . 10 Terminals 44 | . 1 . 2 . . . . 7 5 . 6 . . . 1 3 . 1 6 2 2 . 8 Fabricators 5 | . . . . . . . . . . . 1 . . . . . . 1 2 . . . 1 Repair Stations 1 | . . . 1 . . . . . . . . . . . . . . . . . . . . Recycling Units . | . . . . . . . . . . . . . . . . . . . . . . . . Scanalyzers 1 | . . . 1 . . . . . . . . . . . . . . . . . . . . Garrison Access 4 | . . . . . . . . 1 . . . . . . . . . 1 . . 1 . 1 Total Hacks 152 | . 3 . 10 1 1 . . 23 16 . 16 2 1 27 1 5 . 5 19 4 4 . 14 Successful 76 | . . . 4 1 1 . . 9 9 . 4 2 1 27 1 1 . 2 8 1 2 . 3 Failed 76 | . 3 . 6 . . . . 14 7 . 12 . . . . 4 . 3 11 3 2 . 11 Catastrophic 24 | . . . . . . . . 5 1 . 4 . . . . 1 . . 4 . 1 . 8 Database Lockouts . | . . . . . . . . . . . . . . . . . . . . . . . . Manual 51 | . . . 2 . 1 . . 16 8 . 8 . . . . 2 . 1 1 4 1 . 7 Terminals 100 | . 3 . 5 . . . . 22 16 . 15 . . . 1 5 . 1 14 4 3 . 11 Fabricators 10 | . . . . . . . . . . . 1 . . . . . . 2 5 . . . 2 Repair Stations 3 | . . . 3 . . . . . . . . . . . . . . . . . . . . Recycling Units . | . . . . . . . . . . . . . . . . . . . . . . . . Scanalyzers 2 | . . . 2 . . . . . . . . . . . . . . . . . . . . Garrison Access 5 | . . . . . . . . 1 . . . . . . . . . 2 . . 1 . 1 Terminal Hacks 56 | . . . 1 1 1 . . 6 7 . 2 2 1 27 1 1 . . 3 . 2 . 1 Record 8 | . . . . . . . . . . . . . . 6 1 . . . . . . . 1 Part Schematic 14 | . . . . . . . . . 1 . . . . 13 . . . . . . . . . Robot Schematic 5 | . . . . . . . . . . . . . . 5 . . . . . . . . . Robot Analysis 3 | . . . . . . . . . 2 . . . . . . . . . 1 . . . . Prototype ID Bank 12 | . . . . . . . . 5 4 . . . . 3 . . . . . . . . . Open Door 4 | . . . . 1 . . . . . . . 2 1 . . . . . . . . . . Open DSF 2 | . . . . . . . . . . . . . . . . 1 . . . . 1 . . Branch Access Points 4 | . . . . . . . . 1 . . 1 . . . . . . . 1 . 1 . . Unreport Threat 1 | . . . . . . . . . . . . . . . . . . . 1 . . . . Locate Traps 2 | . . . 1 . . . . . . . 1 . . . . . . . . . . . . Derelict Proto ID Bank 1 | . . . . . 1 . . . . . . . . . . . . . . . . . . Fabricator Hacks 9 | . . . . . . . . . . . . . . . . . . 2 5 . . . 2 Network Status 1 | . . . . . . . . . . . . . . . . . . . 1 . . . . Load Schematic 4 | . . . . . . . . . . . . . . . . . . 1 2 . . . 1 Build 4 | . . . . . . . . . . . . . . . . . . 1 2 . . . 1 Repair Station Hacks . | . . . . . . . . . . . . . . . . . . . . . . . . Recycling Unit Hacks . | . . . . . . . . . . . . . . . . . . . . . . . . Scanalyzer 2 | . . . 2 . . . . . . . . . . . . . . . . . . . . Insert Component 1 | . . . 1 . . . . . . . . . . . . . . . . . . . . Analyze 1 | . . . 1 . . . . . . . . . . . . . . . . . . . . Garrison Access Hacks . | . . . . . . . . . . . . . . . . . . . . . . . . Unauthorized Hacks 9 | . . . 1 . . . . 3 2 . 2 . . . . . . . . 1 . . . Terminals 9 | . . . 1 . . . . 3 2 . 2 . . . . . . . . 1 . . . Botnet 9 | . . . 1 . . . . 3 2 . 2 . . . . . . . . 1 . . . Fabricators . | . . . . . . . . . . . . . . . . . . . . . . . . Repair Stations . | . . . . . . . . . . . . . . . . . . . . . . . . Recycling Units . | . . . . . . . . . . . . . . . . . . . . . . . . Scanalyzers . | . . . . . . . . . . . . . . . . . . . . . . . . Garrison Access . | . . . . . . . . . . . . . . . . . . . . . . . . Data Cores Recovered 3 | . . . . . . . . 2 . . . . . . . . . . 1 . . . . Used 1 | . . . . . . . . 1 . . . . . . . . . . . . . . . Hacking Detections 48 | . 1 . 3 . . . . 8 5 . 7 . . . . 3 . 1 7 2 2 . 9 Full Trace Events 4 | . . . . . . . . 2 1 . . . . . . . . . . . . . 1 Feedback Events . | . . . . . . . . . . . . . . . . . . . . . . . . Feedback Blocked . | . . . . . . . . . . . . . . . . . . . . . . . . Robot Schematics Acquired 5 | . . . . . . . . . . . . . . 5 . . . . . . . . . Robots Built 4 | . . . . . . . . . . . . . . . . . . 2 . . . . 2 Authchips 2 | . . . . . . . . . . . . . . . . . . 1 . . . . 1 Time 126 | . . . . . . . . . . . . . . . . . . 76 . . . . 50 Total Robot Build Rating 20 | . . . . . . . . . . . . . . . . . . 10 . . . . 10 Part Schematics Acquired 15 | . . . 1 . . . . . 1 . . . . 13 . . . . . . . . . Parts Built 3 | . . . . . . . . . . . . . . . . . . . 3 . . . . Authchips 2 | . . . . . . . . . . . . . . . . . . . 2 . . . . Time 106 | . . . . . . . . . . . . . . . . . . . 106 . . . . Total Part Build Rating 24 | . . . . . . . . . . . . . . . . . . . 24 . . . . Parts Repaired . | . . . . . . . . . . . . . . . . . . . . . . . . Time . | . . . . . . . . . . . . . . . . . . . . . . . . Parts Recycled . | . . . . . . . . . . . . . . . . . . . . . . . . Recycled Matter . | . . . . . . . . . . . . . . . . . . . . . . . . Retrieved Matter . | . . . . . . . . . . . . . . . . . . . . . . . . Retrieved Components . | . . . . . . . . . . . . . . . . . . . . . . . . Parts Scanalyzed 1 | . . . 1 . . . . . . . . . . . . . . . . . . . . Part Schematics Acquired 1 | . . . 1 . . . . . . . . . . . . . . . . . . . . Parts Damaged . | . . . . . . . . . . . . . . . . . . . . . . . . Bothacking | -11 -10 -10 -9 -9 -9 -8 -8 -8 -8 -8 -6 -6 -6 -6 -5 -5 -5 -4 -4 -3 -2 -2 -1 ------------ Run | Yrd Mat Min Mat Min Exi Min Mat Sto Rec Scr Fac Low Low Dat Pro Fac DSF Fac Arm Res Res DSF Acc Used RIF Installer . | . . . . . . . . . . . . . . . . . . . . . . . . Robots Hacked . | . . . . . . . . . . . . . . . . . . . . . . . . Non-combat . | . . . . . . . . . . . . . . . . . . . . . . . . Combat . | . . . . . . . . . . . . . . . . . . . . . . . . Robot Hacks Applied . | . . . . . . . . . . . . . . . . . . . . . . . . Relay Couplers Released 5 | . . . . . . . . . . . . . . . . . . 5 . . . . . Machine Destruction 1 | . . . . . . . . . . . . . . . . . . 1 . . . . . Programmers 4 | . . . . . . . . . . . . . . . . . . 4 . . . . . Fabnet Peak Effective % . | . . . . . . . . . . . . . . . . . . . . . . . . Robots Rewired 8 | . . . . . . . . . 3 . . 2 . . . . . . 3 . . . . Allies Hacked . | . . . . . . . . . . . . . . . . . . . . . . . . Hacks Repelled . | . . . . . . . . . . . . . . . . . . . . . . . . Allies | -11 -10 -10 -9 -9 -9 -8 -8 -8 -8 -8 -6 -6 -6 -6 -5 -5 -5 -4 -4 -3 -2 -2 -1 -------- Run | Yrd Mat Min Mat Min Exi Min Mat Sto Rec Scr Fac Low Low Dat Pro Fac DSF Fac Arm Res Res DSF Acc Total Allies 35 | . . 3 . . . . . 10 3 . . 2 . . . . . 2 13 . . . 2 Largest Group 13 | . . 3 . . . . . 10 13 12 12 2 1 . . . . 2 11 . . . 2 Highest-Rated Group 549 | . . 40 . . . . . 173 233 218 218 52 32 . . . . 82 549 . . . 82 Highest-Rated Ally 68 | . . 16 . . . . . 29 29 29 29 32 32 . . . . 41 68 . . . 41 Total Orders 2 | . . . . . . . . . 2 . . . . . . . . . . . . . . STAY 1 | . . . . . . . . . 1 . . . . . . . . . . . . . . FOLLOW 1 | . . . . . . . . . 1 . . . . . . . . . . . . . . Ally Attacks 269 | . . 6 . . . . . 8 18 . 121 3 2 . . . . 15 93 . . . 3 Total Damage 6657 | . . 76 . . . . . 89 235 . 2608 98 52 . . . . 562 2849 . . . 88 Kills 50 | . . 2 . . . . . 1 5 . 22 . 1 . . . . 3 16 . . . . Allies Corrupted 4 | . . . . . . . . . . . . . . . . . . . 4 . . . . Allies Melted . | . . . . . . . . . . . . . . . . . . . . . . . . Intel | -11 -10 -10 -9 -9 -9 -8 -8 -8 -8 -8 -6 -6 -6 -6 -5 -5 -5 -4 -4 -3 -2 -2 -1 ------- Run | Yrd Mat Min Mat Min Exi Min Mat Sto Rec Scr Fac Low Low Dat Pro Fac DSF Fac Arm Res Res DSF Acc Robot Analysis Total 3 | . . . . . . . . . 2 . . . . . . . . . 1 . . . . Derelict Logs Recovered 8 | . . . . 2 . . . . . . . 2 2 . 2 . . . . . . . . Drone Launches . | . . . . . . . . . . . . . . . . . . . . . . . . Drone Recoveries . | . . . . . . . . . . . . . . . . . . . . . . . . Exploration | -11 -10 -10 -9 -9 -9 -8 -8 -8 -8 -8 -6 -6 -6 -6 -5 -5 -5 -4 -4 -3 -2 -2 -1 ------------- Run | Yrd Mat Min Mat Min Exi Min Mat Sto Rec Scr Fac Low Low Dat Pro Fac DSF Fac Arm Res Res DSF Acc Turns Passed 16472 | . 203 655 581 807 500 722 12 1106 1005 1720 1159 1758 1511 139 1048 159 199 883 1139 225 89 31 821 Spaces Moved 10951 | 1 132 518 300 453 311 450 8 629 545 997 603 989 898 85 615 88 71 411 605 306 230 80 1626 Core 218 | . . . 1 . . . . . . . . . . . . . . . 45 172 . . . Treads 7889 | . . . 176 453 311 450 8 629 545 997 603 989 898 85 615 88 71 411 560 . . . . Legs 774 | 1 132 518 123 . . . . . . . . . . . . . . . . . . . . Wheels . | . . . . . . . . . . . . . . . . . . . . . . . . Hover . | . . . . . . . . . . . . . . . . . . . . . . . . Flight 2070 | . . . . . . . . . . . . . . . . . . . . 134 230 80 1626 Fastest Speed 25 | 120 120 120 120 160 160 160 160 160 170 170 165 165 165 165 165 165 160 160 50 28 28 25 25 Average Speed 133 | 120 120 120 144 160 160 160 160 160 170 170 169 165 165 165 165 170 236 160 144 41 29 26 29 Slowest Speed 350 | 120 120 120 350 160 160 160 160 170 170 170 170 165 165 165 165 245 247 160 240 50 31 28 40 Overloaded Moves . | . . . . . . . . . . . . . . . . . . . . . . . . Propulsion Burnouts . | . . . . . . . . . . . . . . . . . . . . . . . . Robots Hopped 27 | . . . . . . . . . . . . . . . . . . . . 1 . 1 25 Cave-ins Triggered 1 | . . . . . . . . . 1 . . . . . . . . . . . . . . Exploration Rate (%) 53 | 2 29 85 30 96 69 98 2 63 90 58 19 93 92 77 87 2 70 13 53 10 7 91 50 Regions Visited 23 Branch Regions 12 Pre-discovered Areas 1 | . . . . . . . . . . . . . . 1 . . . . . . . . . Known Exits Taken 12 | . . . . 1 . . . 1 . . 1 1 1 1 1 1 . 1 1 1 1 . . Unknown Exits Taken 9 | 1 1 1 1 . 1 1 1 . 1 1 . . . . . . . . . . . . . Scrap Searched 21 | . . 1 . 1 . 1 . . . 4 . 5 8 . 1 . . . . . . . . Spaces Dug 36 | . . 1 . . . . . . . . 1 . 3 . 2 . . . 2 1 . . 26 Terrain Destroyed 228 | . . 1 . . . . . . . . 7 43 41 . 31 . . 69 9 1 . . 26 Melee 27 | . . . . . . . . . . . . . . . . . . . . 1 . . 26 Projectile 41 | . . 1 . . . . . . . . 7 6 5 . 3 . . 10 9 . . . . AOE 160 | . . . . . . . . . . . . 37 36 . 28 . . 59 . . . . . Terrain Rammed . | . . . . . . . . . . . . . . . . . . . . . . . . Walls Destroyed . | . . . . . . . . . . . . . . . . . . . . . . . . Machines Disabled . | . . . . . . . . . . . . . . . . . . . . . . . . Actions | -11 -10 -10 -9 -9 -9 -8 -8 -8 -8 -8 -6 -6 -6 -6 -5 -5 -5 -4 -4 -3 -2 -2 -1 --------- Run | Yrd Mat Min Mat Min Exi Min Mat Sto Rec Scr Fac Low Low Dat Pro Fac DSF Fac Arm Res Res DSF Acc Total 12246 | . 150 536 379 510 314 451 7 694 613 1023 677 1065 917 84 636 101 108 619 769 397 242 88 1866 Wait 550 | . 4 4 1 14 . . . 19 26 16 1 . . . 2 . . 142 37 73 8 8 195 Move 10876 | . 131 517 299 452 310 449 7 628 544 996 602 988 897 84 614 87 70 410 604 303 229 77 1578 Hop 25 | . . . . . . . . . . . . . . . . . . . . 1 . 1 23 Pick Up 78 | . 2 1 10 5 2 . . 5 1 4 8 3 3 . . 6 5 9 8 3 . 1 2 Fast Attach 65 | . . . 10 4 . . . 2 1 1 1 . . . 1 1 5 7 6 9 2 . 15 Attach 53 | . . 1 5 . . . . 2 2 2 5 2 1 . . 1 1 11 12 4 . . 4 Detach 29 | . . . 3 . . . . 2 3 . 1 . . . 1 . 1 7 5 2 . . 4 Swap 53 | . . 2 6 3 1 1 . 5 . 1 5 9 2 . 2 . 4 7 5 . . . . Drop 107 | . . 2 9 12 1 . . 7 3 3 7 1 3 . . 6 16 10 21 1 . 1 4 Fire 278 | . 13 7 36 19 . . . 24 6 . 44 28 11 . 14 . 1 16 59 . . . . Melee 45 | . . . . . . . . . . . . . . . . . . . . 1 3 . 41 Ram . | . . . . . . . . . . . . . . . . . . . . . . . . Kick 2 | . . 2 . . . . . . . . . . . . . . . . . . . . . Crush 7 | . . . . 1 . 1 . . 1 . 3 . . . . . 1 . . . . . . Escape Stasis 4 | . . . . . . . . . . . . . . . . . 4 . . . . . . Rewire 74 | . . . . . . . . . 26 . . 34 . . 2 . . . 12 . . . . Trap . | . . . . . . . . . . . . . . . . . . . . . . . . Miscellaneous . | . . . . . . . . . . . . . . . . . . . . . . . . Route ------- -11/Scrapyard -10/Materials -10/Mines (discovered 2 exits: *Mat x2) -9/Materials -9/Mines (discovered 2 exits: [*Mat] / *Exi) -9/Exiles -8/Mines (discovered 2 exits: [*Mat x2]) -8/Materials -8/Storage -8/Recycling (discovered 2 exits: *Fac / *Scr) -8/Scraptown -6/Factory (discovered 2 exits: *Low x2) -6/Lower Caves -6/Lower Caves (discovered 2 exits: *Fac / *Dat) -6/Data Miner -5/Proximity Caves -5/Factory (discovered 2 exits: Fac / DSF) -5/DSF -4/Factory -4/Armory -3/Research -2/Research (discovered 3 exits: Qua x2 / DSF) -2/DSF -1/Access History --------- Turn | Location | Event 1 | -11/Scrapyard | Discovered new exit (range 0) 1 | -11/Scrapyard | Entered Materials 177 | -10/Materials | Discovered new exit (range 15) 204 | -10/Materials | Entered Mines 240 | -10/Mines | Met a Derelict bent on vengeance 260 | -10/Mines | Assisted by bots powering up and referring to "LRC-V3" 305 | -10/Mines | Build established: Mutant 395 | -10/Mines | Discovered new exit (range 11) 431 | -10/Mines | Discovered new exit (range 10) 730 | -10/Mines | Assembled infested the area 735 | -10/Mines | Assisted by a Guerilla fighting off Assembled 787 | -10/Mines | Lost 3 allies 789 | -10/Mines | Core integrity fell below 50% 844 | -10/Mines | Lost 4 parts (1p1n2w) 859 | -10/Mines | Entered Materials 859 | -9/Materials | Evolved 2 slots: Utility x2 1322 | -9/Materials | Discovered new exit (range 16) 1440 | -9/Materials | Entered Mines 1460 | -9/Mines | Learned Materials security intel 1526 | -9/Mines | Met a Derelict shopkeep closing up shop 1713 | -9/Mines | Identified exit to Exiles 1830 | -9/Mines | Received a Rocket Launcher from a helpful Derelict 1890 | -9/Mines | Discovered new exit (range 5) 2121 | -9/Mines | Build established: Scavenger-Mutant 2215 | -9/Mines | Found a hidden stash of uninstalled traps 2240 | -9/Mines | Deemed a non-threat by the Exiles lab entrance 2247 | -9/Mines | Entered Exiles 2286 | -9/Exiles | Met 8R-AWN 2315 | -9/Exiles | Met EX-HEX 2361 | -9/Exiles | Met EX-BIN 2380 | -9/Exiles | Aligned with FarCom system 2382 | -9/Exiles | Given EX-Vault access code 2420 | -9/Exiles | Opened EX-Vault 2432 | -9/Exiles | Found AWS/Autocannon 2465 | -9/Exiles | Warned to stay clear of 0b10 Research branches 2513 | -9/Exiles | Met EX-DEC 2730 | -9/Exiles | Discovered new exit (range 10) 2747 | -9/Exiles | Left Exiles lab with AWS/Autocannon 2747 | -9/Exiles | Entered Mines 2811 | -8/Mines | Discovered new exit (range 8) 3253 | -8/Mines | Build established: Mutant 3319 | -8/Mines | Discovered new exit (range 10) 3469 | -8/Mines | Entered Materials 3469 | -8/Materials | Evolved 2 slots: Propulsion x1, Weapon x1 3469 | -8/Materials | Discovered new exit (range 7) 3481 | -8/Materials | Entered Storage 3845 | -8/Storage | Build established: Skirmisher 4011 | -8/Storage | Identified exit to Recycling 4360 | -8/Storage | Assisted by bots powering up and referring to "LRC-V3" 4577 | -8/Storage | Used back door to open Recycling access 4587 | -8/Storage | Entered Recycling 4587 | -8/Recycling | Accompanied by 10 allies 4654 | -8/Recycling | Build established: Commander-Skirmisher 5160 | -8/Recycling | Crushed by falling debris 5376 | -8/Recycling | Discovered new exit (range 8) 5538 | -8/Recycling | Scanned before Scraplab entrance 5562 | -8/Recycling | Entered Scraplab 5576 | -8/Recycling | Discovered new exit (range 2) 5592 | -8/Recycling | Entered Scraptown 5592 | -8/Scraptown | Accompanied by 12 allies 5592 | -8/Scraptown | System corruption cleaned by C-Scrubber 5822 | -8/Scraptown | Build established: Commander-Mutant 6051 | -8/Scraptown | Discovered new exit (range 13) 6257 | -8/Scraptown | Visited Spacefarers 6356 | -8/Scraptown | Visited The Evicted 6403 | -8/Scraptown | Visited SPCMW 6531 | -8/Scraptown | Visited Cyclists 6604 | -8/Scraptown | Visited Assassins FH 6667 | -8/Scraptown | Visited TADAMA 6708 | -8/Scraptown | Visited Junk Repository 7312 | -8/Scraptown | Entered Factory 7312 | -6/Factory | Accompanied by 12 allies 7312 | -6/Factory | Evolved 4 slots: Propulsion x1, Utility x3 7610 | -6/Factory | Lost 3 allies 7638 | -6/Factory | Build established: Commander-Skirmisher 7901 | -6/Factory | Lost 6 allies 8012 | -6/Factory | First assault squad dispatched 8179 | -6/Factory | Build established: Skirmisher 8270 | -6/Factory | Identified exit to Lower Caves 8471 | -6/Factory | Entered Lower Caves 9212 | -6/Lower Caves | Attracted the attention of an 0b10 outpost 9260 | -6/Lower Caves | Destroyed 12 combat bots 9815 | -6/Lower Caves | Learned 4 Factory zone layouts 9892 | -6/Lower Caves | Discovered new exit (range 13) 9927 | -6/Lower Caves | Identified exit to Lower Caves 10099 | -6/Lower Caves | Learned Factory terminal intel 10229 | -6/Lower Caves | Entered another Lower Caves area 10229 | -6/Lower Caves | Accompanied by 1 ally 10330 | -6/Lower Caves | Discovered new exit (range 7) 10340 | -6/Lower Caves | Identified exit to Factory 10474 | -6/Lower Caves | Learned location of 1 exit from Proximity Caves 10985 | -6/Lower Caves | Learned 8 Factory zone layouts 11581 | -6/Lower Caves | Encountered a Warlord checkpoint 11658 | -6/Lower Caves | Discovered new exit (range 3) 11661 | -6/Lower Caves | Identified exit to Data Miner 11740 | -6/Lower Caves | Entered Data Miner 11740 | -6/Data Miner | Discovered new exit (range 6) 11762 | -6/Data Miner | Met Data Miner 11810 | -6/Data Miner | Learned location of Section 7 (-2) 11810 | -6/Data Miner | Acquired the access code to Warlord's prototype stash 11843 | -6/Data Miner | Received God Mode back door access code from Data Miner 11877 | -6/Data Miner | Identified exit to Proximity Caves 11879 | -6/Data Miner | Entered Proximity Caves 12725 | -5/Proximity Caves | Learned Factory emergency access door positions 12927 | -5/Proximity Caves | Entered Factory 12927 | -5/Factory | Evolved 2 slots: Utility x2 12928 | -5/Factory | Identified exit to Factory 12930 | -5/Factory | Loaded intel: 28 terminal locations 13068 | -5/Factory | Identified exit to DSF 13086 | -5/Factory | Entered DSF 13110 | -5/DSF | Discovered exit to Factory (range 21) 13130 | -5/DSF | Additional patrols routed to DSF 13285 | -5/DSF | Entered Factory 13285 | -4/Factory | Evolved 2 slots: Utility x2 13710 | -4/Factory | Incoming assault squad redirected 13815 | -4/Factory | Noticed a derelict Sapper rigging charges 13859 | -4/Factory | Destroyed 7 combat bots 13886 | -4/Factory | Found Prototype Processor 13886 | -4/Factory | Identified Exp. Signal Interpreter 14035 | -4/Factory | First assault squad dispatched 14085 | -4/Factory | Fabricated H-66 Slayer? 14106 | -4/Factory | Discovered new exit (range 11) 14126 | -4/Factory | Identified exit to Armory 14168 | -4/Factory | Entered Armory 14168 | -4/Armory | Accompanied by 2 allies 14247 | -4/Armory | Fabricated Adv. Launcher Guidance Computer? 14433 | -4/Armory | Fabricated Com. HERF Cannon (x1) 14780 | -4/Armory | Build established: Commander-Skirmisher 14877 | -4/Armory | Assisted by bots powering up and referring to "LRC-V3" 14930 | -4/Armory | Lost 3 allies 14958 | -4/Armory | First assault squad dispatched 14986 | -4/Armory | Incoming assault squad redirected 15040 | -4/Armory | Lost 9 allies 15235 | -4/Armory | Incoming assault squad redirected 15242 | -4/Armory | Energy Cycler disabled 15275 | -4/Armory | Lost 4 parts (2n1u1w) 15292 | -4/Armory | Spotted B-86 Titan 15304 | -4/Armory | Core integrity fell below 50% 15305 | -4/Armory | Discovered new exit (range 5) 15306 | -4/Armory | Identified exit to Research 15307 | -4/Armory | Entered Research 15307 | -3/Research | Evolved 2 slots: Propulsion x2 15310 | -3/Research | Lost 3 parts (1p1u1w) 15521 | -3/Research | Discovered new exit (range 9) 15521 | -3/Research | Spotted B-86 Titan 15532 | -3/Research | Identified exit to Research 15532 | -3/Research | Entered another Research area 15532 | -2/Research | Evolved 2 slots: Power x1, Utility x1 15555 | -2/Research | Identified exit to Quarantine 15596 | -2/Research | Spotted B-90 Cyclops 15621 | -2/Research | Identified exit to DSF 15621 | -2/Research | Entered DSF 15646 | -2/DSF | Additional patrols routed to DSF 15647 | -2/DSF | Discovered new exit (range 19) 15652 | -2/DSF | Identified exit to Access 15652 | -2/DSF | Entered Access 15652 | -1/Access | Evolved 2 slots: Propulsion x1, Utility x1 15743 | -1/Access | Spotted B-99 Colossus 15814 | -1/Access | Build established: Infiltrator-Ninja 15961 | -1/Access | Lost 3 parts (1p1n1u) 16119 | -1/Access | Fabricated H-66 Slayer? 16319 | -1/Access | Spotted B-99 Colossus 16434 | -1/Access | Spotted B-99 Colossus 16457 | -1/Access | Core integrity fell below 50% 16467 | -1/Access | Core integrity fell below 20% 16473 | -1/Access | Destroyed by B-99 Colossus with Linear Accelerator Last Messages --------------- 16455_ Adv. Corruption Screen intercepted 1% system corruption. 16456_ Penetrated by Slug. 16456_ Hacking Suite destroyed. 16456_ Slug penetrates Reinforced Barrier. 16456_ Penetrated by Slug. 16456_ Slug penetrates Reinforced Barrier. 16459_ Penetrated by Slug. 16459_ Slug penetrates Reinforced Barrier. 16463_ Penetrated by Slug. 16463_ Slug penetrates Reinforced Barrier. 16463_ Penetrated by Slug. 16463_ Slug penetrates Reinforced Barrier. 16464_ Adv. Corruption Screen intercepted 1% system corruption. 16464_ P-80 Master resets B-99 Colossus, system corruption cleaned. 16466_ Penetrated by Slug. 16466_ Slug penetrates Reinforced Barrier. 16470_ Adv. Weight Redist. System destroyed. 16470_ Slug penetrates Reinforced Barrier. 16470_ Adv. Corruption Screen intercepted 1% system corruption. 16473_ P-80 Master resets B-99 Colossus, system corruption cleaned. Map ----- +----------------------------------------------------+ | ???????????????????????????############## | | ? ????????????????????????????# ## | | # ????????????????????????????# ## | | # ????????????????????????????# ## | | # ????????????????????????????# ## """"" | | # ????????????????????????????#" ## """"" | | # ????????????????????????????#"" + """"" | | ????????????????????????????#"" ## """"" | | ????????????????????????????#"" ## """"" | | # ????????????????????????????#"" ## """"" | | # ????????????????????????????#"T ## | | # #???????????????????????????#"" ## | | # #???????????????????????????#"" ## | | # #???????????????????????????#"" ## """"" | | # #???????????????????????????#"" ## """"" | | # #######"????????????#########" ## """"" | | # """T""""????????????" # ## """"" | | # """ """"????????????" # ## """"" | | # "????????????" BB ###+###### """"" | | # "????????????" BB | | # * "????????????" | | # "????????????" | | # "????????????" % ### | | # "????????????"%BB % ###+###########?# | | # "????????????"%BB p # #??# | | # "????????????" @p% # #??# | | # #######"????????????#########"" #??# | | # #???????????????????????????#"" #??# | | # #???????????????????????????#"" #??# | | # #???????????????????????????#G #??# | | # #???????????????????????????#"" " #??# | | # #???????????????????????????#"" """ #??# | | #############################"" """ #??# | | g g g + " #??# | | g ##### #??# | | #+######/#############g###+#???# #??# | | #????## #???##############??# | | #?????# #?????????????## #####+ | | #?????# " #??????????????## | | #?????# """ #???????????????# | | #?????# """#???????????????# ! | | #?????# " #???????????????# | | #?????# #???????????????# | | +############?????# #???????????????# | | ??????????????????# #???????????????# | | ??????????????????##########???????????????# "" | | ???????????????????????????????????????????# "" | | ???????????????????????????????????????????# "" | | ???????????????????????????????????????????# "" | | ??????????????????????????????????????????## * "" | +----------------------------------------------------+ Best States ------------- Heat Dissipation 97 Coolant Potential 50 Energy Generation 45 Energy Capacity 700 Matter Stores 300 Matter Capacity 300 Sight Range 22 Robot Scan Range 15 Terrain Scan Range 20 Terrain Scan Density 410 ECM Strength 2 Jamming Range 16 Power Amplification 30 Base Temperature (-) 200 EM Shielding 3 Corruption Block 20 Armor Coverage 1200 Weapon Cycling 30 Evasion (%) 75 Targeting Accuracy 8 Melee Accuracy 30 Recoil Reduction 4 Matter Filtering 50 Offensive Hacking 10 Defensive Hacking 10 Authchip Count 3 Item Schematics ----------------- Imp. Medium Laser | -9/Materials | Scanalyzed Lyr. Light Armor Plating | -8/Recycling | Hacked Combat Drone Bay | -6/Data Miner | Free Lgt. Regenerative Plating | -6/Data Miner | Free Cld. Nuclear Pulse Thruster | -6/Data Miner | Free Imp. Matter Compressor | -6/Data Miner | Free Tiamat Missile Launcher | -6/Data Miner | Free Imp. Antigrav System | -6/Data Miner | Free Lrn. Terrain Scanner | -6/Data Miner | Free Adv. Datajack | -6/Data Miner | Free Imp. Kinecellerator | -6/Data Miner | Free Dispersion Rifle | -6/Data Miner | Free Impulse Thruster | -6/Data Miner | Free Adv. Launcher Guidance Computer | -6/Data Miner | Free Com. HERF Cannon | -6/Data Miner | Free Robot Schematics ------------------ G-50 Soldier | -6/Data Miner | Free Y-54 Guardian | -6/Data Miner | Free H-66 Slayer | -6/Data Miner | Free A-15 Conveyor | -6/Data Miner | Free M-22 Extractor | -6/Data Miner | Free Fabricated ------------ H-66 Slayer | x2 | -4/Factory | Authchip Adv. Launcher Guidance Computer | x2 | -4/Armory | Authchip Com. HERF Cannon | x1 | -4/Armory | Authchip H-66 Slayer | x2 | -1/Access | Authchip Alien Tech Used ----------------- None Achievements -------------- None Challenges ------------ None Game ------ Seed StasisSensorDisintegrator Manual? 0 Play Time 02:19:38 Cumulative 258.9 hours Start 2025.05.05 @ 19:38:18 End 2025.05.05 @ 21:58:06 Sessions 1 Manual Loads 0 Difficulty Rogue Special Mode None Game No. 183 Rogue 183 Adventurer 0 Explorer 0 Win Type - Total 19 Types 16/0/1/2/0/0/0/0/0 Lore% 84 Gallery% 76 Achievement% 62 Wizard Run 0 Options --------- Layout 0 ASCII 1 Keyboard 1 Movement Arrows Keybinds 0 Fullscreen 1 Font 18/Terminus Map View 76x50 Zoom Use 0% Tactical HUD 1 Map Filters NONE Filters NONE Steam 1 RUN: ef1cbc01-275c-44fc-9fae-2edc783341ae